 Dungeon Crawl Stone Soup version 0.20.1-1-g8b1a95d (webtiles) character file.

3295 Slyspawn the Whirler (level 10, -6/60 HPs)
             Began as a Halfling Hunter on Oct 28, 2017.
             Was a Believer of Okawaru.
             Mangled by an unseen horror (11 damage)
             ... on level 7 of the Dungeon.
             The game lasted 00:38:50 (6317 turns).

Slyspawn the Whirler (Halfling Hunter)              Turns: 6317, Time: 00:38:50

Health: -6/60      AC:  8    Str: 13    XL:     10   Next: 20%
Magic:  8/10       EV: 20    Int: 10    God:    Okawaru [**....]
Gold:   156        SH:  0    Dex: 18    Spells: 7/9 levels left

rFire    . . .     SeeInvis .   a - +1 hunting sling
rCold    . . .     Gourm    .   (shield restricted)
rNeg     . . .     Faith    .   c - +1 leather armour
rPois    .         Spirit   .   (no helmet)
rElec    .         Reflect  .   J - +0 cloak {+Inv}
rCorr    .         Harm     .   F - +0 pair of gloves
MR       .....                  (no boots)
Stlth    +++.......             I - amulet of regeneration
Regen    0.6/turn               (no ring)
MPRegen  0.2/turn               (no ring)

@: heroism
A: mutation resistance 1
a: Heroism, Renounce Religion, Evoke Invisibility


You were on level 7 of the Dungeon.
You worshipped Okawaru.
Okawaru was pleased with you.
You were not hungry.

You visited 2 branches of the dungeon, and saw 8 of its levels.
You also visited: Ossuary.

You collected 325 gold pieces.
You spent 169 gold pieces at shops.

Inventory:

Hand Weapons
 a - a +1 hunting sling (weapon)
 b - a +0 short sword
Missiles
 e - 218 stones (quivered)
Armour
 c - a +1 leather armour (worn)
 F - a +0 pair of gloves (worn)
 J - a +0 cloak of invisibility (worn)
Jewellery
 I - an amulet of regeneration (around neck)
Wands
 q - a wand of lightning (7/15)
 t - a wand of flame (19/48)
 u - a wand of enslavement (9/24)
 v - a wand of iceblast (9/15)
 A - a wand of acid (1/15)
 B - a wand of flame (15/48)
 L - a wand of polymorph (9/24)
Scrolls
 i - a scroll of fear {unknown}
 j - 4 scrolls of identify
 l - a scroll of amnesia
 m - 7 scrolls of remove curse
 s - a scroll of recharging {unknown}
 z - a scroll of fog {unknown}
 E - a scroll of enchant weapon {unknown}
Potions
 g - 4 potions of lignification
 h - a potion of ambrosia {unknown}
 k - a potion of flight
 o - 4 potions of heal wounds
 x - a potion of brilliance
 D - 2 potions of curing
 G - a potion of mutation {unknown}
Books
 w - a book of Cantrips

   Spells                             Type                      Level
   a - Confusing Touch                Hexes                        1
   b - Animate Skeleton               Necromancy                   1
   c - Summon Small Mammal            Summoning                    1
   d - Apportation                    Translocation                1
 C - a book of Misfortune

   Spells                             Type                      Level
   a - Confusing Touch                Hexes                        1
   b - Confuse                        Hexes                        3
   c - Gell's Gravitas                Translocation                3
   d - Petrify                        Transmutation/Earth          4
   e - Metabolic Englaciation         Hexes/Ice                    5
   f - Yara's Violent Unravelling     Hexes/Transmutation          5
 H - a book of Flames

   Spells                             Type                      Level
   a - Flame Tongue                   Conjuration/Fire             1
   b - Throw Flame                    Conjuration/Fire             2
   c - Conjure Flame                  Conjuration/Fire             3
   d - Inner Flame                    Hexes/Fire                   3
   e - Sticky Flame                   Conjuration/Fire             4
   f - Fireball                       Conjuration/Fire             5
Comestibles
 f - 3 bread rations
 n - 4 royal jellies
 p - 5 fruits
 r - a meat ration
 K - 3 chunks of flesh


   Skills:
 - Level 1.8(6.8) Fighting
 + Level 17.6(22.6) Slings
 + Level 4.4(9.4) Armour
 - Level 2.3(7.3) Dodging
 - Level 1.1(6.1) Stealth
 + Level 1.0 Invocations


You had 7 spell levels left.
You knew the following spells:

 Your Spells              Type           Power        Failure   Level  Hunger
a - Summon Small Mammal   Summ           #...         41%         1    ##.....
b - Flame Tongue          Conj/Fire      #....        41%         1    ##.....


Dungeon Overview and Level Annotations

Branches:
Dungeon (7/15)             Temple (1/1) D:5

Altars:
Ashenzari
Cheibriados
Makhleb
Okawaru
Trog
Uskayaw
Vehumet
The Shining One

Shops:
D:4 }

Annotations:
D:7 Pikel


Innate Abilities, Weirdness & Mutations

You are small and have problems with some larger weapons.
You are somewhat resistant to further mutation.


Message History

Firing (i - inventory):
e - 220 stones (quivered)
Press: ? - help, Shift-Dir - straight line You shoot a stone.
Something hits you!
You gain the combat prowess of a mighty hero.
Something hits you!
* * * LOW HITPOINT WARNING * * *
You fail to use your ability.
Something hits you.
* * * LOW HITPOINT WARNING * * *
Something closely misses you.
You see here a stone.
Something hits you but does no damage.
You see here 3 stones.
Something hits you!
* * * LOW HITPOINT WARNING * * *
You see here a stone.
You see here a stone.
Firing (i - inventory):
e - 219 stones (quivered)
Press: ? - help, Shift-Dir - straight line You shoot a stone.
Something hits you!
You die...

.## # #.........# .(# .#
#.........# ####(####.#
#...<...... #.........#
#.......>..
#.........####.#######..
#.............. ....
#.........####. ....
#.#...(.<........ #
#....<.({@.(##
##......(...#
#..........#
#.########...# #. .### #
.# #


There were no monsters in sight!

Vanquished Creatures
  The ghost of bmj180 the Chopper, a novice HOFi (D:5)
  Grinder (D:4)
  Sigmund (D:6)
  A wraith (Ossuary)
  2 hungry ghosts (D:6)
  2 orc warriors
  A necrophage (D:6)
  3 ogres (D:6)
  4 centaurs
  Blork the orc (D:6)
  A gnoll sergeant (D:6)
  A bullfrog (D:6)
  A scorpion (D:5)
  A wight (D:6)
  4 howler monkeys
  A crimson imp (D:4)
  A quasit (D:6)
  2 bullfrog zombies (D:6)
  4 orc wizards
  Crazy Yiuf (D:6)
  3 bullfrog skeletons
  An orc priest (D:4)
  11 worker ants
  A hound zombie (D:6)
  2 mummies
  4 adders
  An adder skeleton (D:4)
  An adder zombie (D:6)
  A dart slug (D:3)
  2 worms
  7 leopard geckos
  15 orcs
  5 bats
  8 giant cockroaches
  7 goblins
  8 hobgoblins
  5 jackals
  4 quokkas (D:6)
  A ball python (D:3)
  7 frilled lizards
  8 gnoll skeletons (Ossuary)
  10 kobolds
  3 kobold skeletons (Ossuary)
  A leopard gecko zombie (D:5)
  14 orc skeletons (Ossuary)
  A quokka zombie (D:5)
  9 rats
174 creatures vanquished.

Notes
Turn   | Place    | Note
-------+----------+-------------------------------------------
     0 | D:1      | Slyspawn the Halfling Hunter began the quest for the Orb.
     0 | D:1      | Reached XP level 1. HP: 14/14 MP: 1/1
    82 | D:1      | Reached skill level 6 in Slings
    84 | D:1      | Reached XP level 2. HP: 19/19 MP: 2/2
   278 | D:1      | Reached XP level 3. HP: 24/24 MP: 3/3
   381 | D:1      | Reached skill level 7 in Slings
   770 | D:2      | Reached XP level 4. HP: 29/29 MP: 4/4
   937 | D:2      | Found a hide-covered altar of Uskayaw.
  1072 | D:3      | Reached skill level 8 in Slings
  1728 | D:3      | Reached XP level 5. HP: 34/34 MP: 5/5
  1909 | D:4      | Reached skill level 9 in Slings
  1909 | D:4      | Reached skill level 1 in Armour
  1954 | D:4      | Found a radiant altar of Vehumet.
  1967 | D:4      | Reached XP level 6. HP: 39/39 MP: 6/6
  2035 | D:4      | Found Haerud Zoddu's Gadget Shop.
  2054 | D:4      | Bought a wand of iceblast (9/15) for 169 gold pieces
  2126 | D:4      | Noticed Grinder
  2142 | D:4      | Killed Grinder
  2142 | D:4      | Reached skill level 10 in Slings
  2142 | D:4      | Reached XP level 7. HP: 44/44 MP: 7/7
  2472 | D:4      | Learned a level 1 spell: Summon Small Mammal
  2473 | D:5      | Entered Level 5 of the Dungeon
  2508 | D:5      | Found a glowing golden altar of the Shining One.
  2539 | D:5      | Noticed bmj180's ghost (novice HOFi)
  2615 | D:5      | Killed bmj180's ghost
  2615 | D:5      | Reached skill level 12 in Slings
  2615 | D:5      | Reached XP level 8. HP: 21/50 MP: 8/8
  3046 | D:5      | Reached skill level 13 in Slings
  3497 | D:5      | Found a staircase to the Ecumenical Temple.
  3524 | Temple   | Entered the Ecumenical Temple
  3549 | Temple   | Became a worshipper of Warmaster Okawaru
  3699 | D:6      | Noticed Sigmund
  3715 | D:6      | Killed Sigmund
  3715 | D:6      | Reached skill level 14 in Slings
  3715 | D:6      | Reached XP level 9. HP: 35/54 MP: 9/9
  3740 | D:6      | Found a sand-covered staircase.
  3946 | Ossuary  | Entered an ossuary
  4496 | D:6      | Reached skill level 15 in Slings
  4601 | D:6      | Noticed Blork the orc
  4605 | D:6      | Killed Blork the orc
  4605 | D:6      | Reached * piety under Okawaru
  4658 | D:6      | Found a runed door.
  5030 | D:6      | Reached skill level 16 in Slings
  5464 | D:6      | Reached ** piety under Okawaru
  5800 | D:6      | Learned a level 1 spell: Flame Tongue
  5820 | D:6      | Reached skill level 1 in Invocations
  5820 | D:6      | Reached XP level 10. HP: 60/60 MP: 10/10
  5982 | D:6      | Reached skill level 17 in Slings
  6029 | D:6      | Noticed Crazy Yiuf
  6033 | D:6      | Killed Crazy Yiuf
  6276 | D:7      | Noticed Pikel
  6317 | D:7      | Mangled by an unseen horror

Skill      XL: |  1  2  3  4  5  6  7  8  9 10 |
---------------+-------------------------------+-----
Slings         | 6 7 8 9 10 12 14 16 17 | 17.6
Armour         | 1 2 3 4 |  4.4
Invocations    | 1 |  1.0
Fighting       | |  1.8
Dodging        | |  2.3
Stealth        | |  1.1

Action                   |  1- 3 |  4- 6 |  7- 9 | 10-12 || total
-------------------------+-------+-------+-------+-------++-------
Melee: Hunting sling     |       |       |     4 |       ||     4
 Fire: Hunting sling     |    94 |   117 |   500 |    73 ||   784
Invok: Heroism           |       |       |     2 |     2 ||     4
  Use: Scroll            |       |     8 |     1 |     3 ||    12
       Potion            |       |     7 |     8 |       ||    15
  Eat: Chunk             |       |     3 |     4 |     2 ||     9
       Bread ration      |       |       |     2 |       ||     2
Armor: Leather armour    |     4 |     4 |    24 |    11 ||    43
Dodge: Dodged            |    18 |    12 |   100 |    23 ||   153
